[Event "British Championship 2024"]
[Site "Hull"]
[Date "2024.07.31"]
[Round "5.12"]
[White "Merriman, John"]
[Black "Pert, Richard G"]
[Result "1/2-1/2"]
[Annotator "ChessBase"]
[ECO "E49"]
[WhiteElo "2251"]
[BlackElo "2415"]
[PlyCount "240"]
[EventDate "2024.07.31"]
[EventCountry "GBR"]
[SourceTitle "playchess.com"]
[Source "ChessBase"]
[SourceQuality "1"]
[TimeControl "40/5400+30:1800+30"]

1. d4 Nf6 2. c4 e6 3. Nc3 Bb4 4. e3 O-O 5. Bd3 d5 6. a3 Bxc3+ 7. bxc3 dxc4 8. Bxc4 c5 9. Ne2 Qc7 10. Ba2 b6 11. O-O Ba6 12. f3 Nc6 13. Re1 Rad8 14. Bb2 e5 15. Qa4 Qc8 16. Rad1 b5 17. Qc2 Bb7 18. d5 Ne7 19. e4 c4 20. Bc1 Qc5+ 21. Kh1 Ne8 22. Ng3 Nd6 23. a4 a6 24. Be3 Qc7 25. f4 exf4 26. Bxf4 Ng6 27. Bxd6 Qxd6 28. Nf5 Qe5 29. axb5 axb5 30. Nd4 Rfe8 31. Qd2 Qh5 32. Nxb5 Ne5 33. Nd4 Bc8 34. Bb1 Bg4 35. Rc1 Rd6 36. Nf5 Rg6 37. d6 Nf3 38. Qf4 Nxe1 39. Ne7+ Kf8 40. Nxg6+ hxg6 41. Rxe1 Re5 42. Bc2 f6 43. Ba4 Be6 44. Rb1 Kg8 45. d7 Bxd7 46. Bxd7 Qe2 47. Bc6 Qd3 48. Rc1 g5 49. Qf1 Qd2 50. Bd5+ Kf8 51. Qd1 Qe3 52. Rb1 g6 53. Rb8+ Kg7 54. Rb7+ Kh6 55. Rb1 Qxc3 56. Rc1 Qe3 57. Bxc4 Rxe4 58. Bf1 g4 59. g3 f5 60. Bg2 Re6 61. Rb1 Kh5 62. Qd8 g5 63. Bd5 Qe5 64. Rd1 Re7 65. Qf8 Kg6 66. Qg8+ Qg7 67. Qxg7+ Kxg7 68. Rf1 Kf6 69. Kg2 Re3 70. Bc6 Rc3 71. Bd7 Rc5 72. Rf2 Rd5 73. Ba4 Rd4 74. Be8 f4 75. Bh5 Kf5 76. Ra2 Rd5 77. Kf2 Rc5 78. Rd2 Rc8 79. Rd5+ Ke4 80. Rd2 Kf5 81. Bf7 Rh8 82. Kg1 Rb8 83. Bd5 Rb1+ 84. Kf2 Rb6 85. Bc4 Rh6 86. Bd3+ Ke5 87. Kg1 Rd6 88. Re2+ Kf6 89. Rd2 Ke5 90. Rd1 Rb6 91. Re1+ Kf6 92. Re4 Rb3 93. Rd4 Ke5 94. Rd8 Ra3 95. Rd7 Rb3 96. Kf2 Rb2+ 97. Kg1 Rb3 98. gxf4+ gxf4 99. Bf1 Rb1 100. Rg7 Kf5 101. Ra7 Ke4 102. Ra4+ Ke3 103. Ra3+ Ke4 104. Rc3 Ra1 105. Rc2 Ke3 106. Re2+ Kf3 107. Rf2+ Ke3 108. Kg2 Re1 109. Ra2 Rd1 110. Re2+ Kd4 111. Re8 Rd2+ 112. Kg1 Rb2 113. Rg8 g3 114. h3 Ke3 115. Re8+ Kf3 116. Rc8 Rb1 117. Rc3+ Ke4 118. Kg2 Rb2+ 119. Kg1 Rb1 120. Kg2 Rb2+ 1/2-1/2

[Event "British Championship 2024"]
[Site "Hull"]
[Date "2024.07.31"]
[Round "5.13"]
[White "Motwani, Paul"]
[Black "Yao, Lan"]
[Result "0-1"]
[Annotator "TA"]
[ECO "B94"]
[WhiteElo "2414"]
[BlackElo "2325"]
[PlyCount "152"]
[EventDate "2024.07.31"]
[EventCountry "GBR"]
[SourceTitle "playchess.com"]
[Source "ChessBase"]
[SourceQuality "1"]
[TimeControl "40/5400+30:1800+30"]

1. e4 c5 2. Nf3 d6 3. d4 cxd4 4. Nxd4 Nf6 5. Nc3 a6 6. Bg5 Nbd7 7. Bc4 Qb6 8. Bb3 e6 9. O-O Be7 {[%emt 0:05:10] The position is equal.} 10. Be3 Nc5 11. f4 Qc7 (11... Ncxe4 $2 12. Nxe4 Nxe4 13. Nf5 $18) 12. f5 Bd7 13. Qf3 e5 14. Nde2 Nxb3 15. cxb3 Bc6 16. Rad1 Rd8 17. g4 {[%emt 0:09:24] And now g5 would win.} h6 18. Ng3 Qa5 19. Nh5 Nxh5 20. gxh5 Rd7 21. a3 Qd8 22. Kh1 Bg5 23. Bf2 O-O 24. Rg1 Re8 25. Rg4 Kh7 26. h4 Bf6 27. Kg2 d5 28. Nxd5 Bxd5 29. exd5 (29. Rxd5 Rxd5 30. exd5 Re7) 29... Qc7 30. Rc4 $1 Qa5 {[%emt 0:04:59] Black is weak on the light squares} 31. Qe4 Red8 32. Rc5 Qb6 33. Rd3 Qd6 34. b4 Kh8 35. Be3 Be7 36. Bf2 (36. Rc2 $14) 36... Qb8 (36... Bf6 $11) 37. Rcc3 $14 Bf6 (37... Rg8 $14) 38. Kf3 (38. Bc5 $16) 38... Re8 39. Kg4 Qd8 40. Rc2 Rd6 (40... Be7 $14) 41. Kf3 (41. Kh3 $16) 41... Rd7 42. Ke2 (42. Rcd2 {with more complications.} Qc7 43. Rc3 Qd8 44. Kg4) 42... Rd6 43. Kd1 Qb8 (43... Be7 $14) 44. Kc1 $16 Rc8 45. Rcc3 Rcd8 46. Kb1 Re8 (46... b5 $16) 47. Ka2 Qd8 48. Rc2 Qb8 (48... Rd7 $16 49. Rcd2 Rd6) 49. a4 $18 Rd7 50. Kb3 Qd6 51. Rc4 Be7 52. a5 $1 Qf6 (52... f6 $16 53. Bb6 Kh7) 53. Rdc3 Bd6 (53... Bd8 $142 54. Rc8 Rg8) 54. Rc8 $2 ({White must play} 54. Bb6 $1 $18) 54... Rdd8 $14 55. Rxd8 Rxd8 56. Bb6 Re8 57. Bc7 Qe7 (57... Kg8 $14) 58. Bxd6 (58. f6 $1 $16 Qd7 (58... Qxf6 59. Rf3 $18) 59. fxg7+ Kg8 60. Qe3 (60. Bxd6 Qxd6 61. Ka3 Rd8 $18) 60... Kxg7 (60... Bxc7 $2 61. Qxh6 f5 62. Rxc7 $18) 61. Bxd6 Qxd6 62. Qe4) 58... Qxd6 $16 {[%emt 0:00:01][%mdl 4096] Endgame. KQR-KQR} 59. Rc5 Rd8 (59... f6 $14) 60. Qc4 Qd7 {[%emt 0:03:23] [#]} 61. Rc7 (61. f6 $1 $16) 61... Qxf5 $14 62. Rxb7 (62. d6 $1 $14 Qf3+ (62... Rxd6 63. Qxf7 Qxf7+ 64. Rxf7 $16) 63. Ka2 Rxd6 64. Rxf7 (64. Qxf7 Qxf7+ 65. Rxf7 Re6 $11)) 62... Qxh5 {[%emt 0:01:50] [#]} (62... Rc8 $1 $11 63. Rc7 (63. Qxa6 $2 Qf3+ 64. Ka4 Qxd5 $19) 63... Qf3+ 64. Ka4 Qd1+ 65. Ka3 Qa1+ 66. Kb3 Rxc7 (66... Qd1+ 67. Ka3 $11) 67. Qxc7 Qd1+ 68. Ka3 Qa1+ 69. Kb3 Qd1+ 70. Ka3 Qa1+ 71. Kb3) 63. Rb6 (63. Qxa6 Qf3+ 64. Ka2 (64. Ka4 Qd1+ 65. Ka3 Rxd5 $11) 64... Qxd5+ 65. Ka3 Rd6 $11) ({White should try} 63. Ka2 $1 $16) 63... Qd1+ $11 64. Ka2 Rxd5 65. Qb3 {[%emt 0:00:10] Hoping for Qxd1.} Qh1 {[%emt 0:01:36] ...Rd1 is the strong threat.} 66. Rxa6 {[%emt 0:00:57] Strongly threatening Ra8+.} Rd1 67. Qxf7 $2 (67. Qc4 $11) 67... Ra1+ {[%emt 0:00:21] Black mates.} (67... Qxh4 68. Rg6) 68. Kb3 Qd1+ ({Stronger than} 68... Qxh4 69. Qe8+ (69. Ra8+ Qd8 70. Rxd8+ Kh7 71. Qf5+ g6 72. Qf7#) 69... Kh7 70. Qg6+ (70. Qxe5 Qg4 $18) 70... Kh8 71. Ra8+) 69. Kc4 Qe2+ 70. Kc5 Qxa6 71. Qe8+ Kh7 72. h5 Rc1+ 73. Kd5 Qc4+ 74. Kd6 Qc7+ 75. Kd5 Rd1+ 76. Ke4 Qc4+ {[%emt 0:00:32] Quite a comeback for Black.   Weighted Error Value: White=0.21 (precise) /Black=0.21 (precise) .  Loses game:     	White=1     	---        Missed win:     	White=1     	---        Mistake:       	White=7     	Black=11     Inaccurate:     	---       	Black=4      OK:         	White=19    	Black=26     Best:        	White=2     	Black=4      Strong:       	White=2     	---} 0-1

[Event "British Championship 2024"]
[Site "Hull"]
[Date "2024.07.31"]
[Round "5.14"]
[White "Lutsko, Artem"]
[Black "Mirzoeva, Elmira"]
[Result "1-0"]
[Annotator "RC"]
[ECO "E52"]
[WhiteElo "2414"]
[BlackElo "2260"]
[PlyCount "117"]
[EventDate "2024.07.31"]
[EventCountry "GBR"]
[SourceTitle "playchess.com"]
[Source "ChessBase"]
[SourceQuality "1"]
[TimeControl "40/5400+30:1800+30"]

1. d4 Nf6 2. c4 e6 3. Nc3 Bb4 4. e3 O-O 5. Bd3 d5 6. Nf3 b6 7. O-O Bb7 8. cxd5 exd5 9. a3 Bd6 10. b4 Nbd7 11. Bb2 a6 12. Rc1 Qe7 13. Ne2 Ne4 14. Ng3 f5 15. b5 a5 16. a4 f4 17. exf4 Bxf4 18. Rc2 Rae8 19. Re1 Qb4 20. Rce2 Ndf6 21. Qc2 g6 22. Ne5 Re7 23. Nxe4 Nxe4 24. Nc6 Bxc6 25. Qxc6 Kh8 26. Qc2 Rfe8 27. g3 Bh6 28. Kg2 Nf6 29. Rxe7 Rxe7 30. Re5 Bg7 31. Bc3 Qa3 32. Bd2 Qd6 33. Bf4 Ne8 34. Rxe7 Qxe7 35. Qc6 Bxd4 36. Qxd5 Bg7 37. h4 Nd6 38. h5 gxh5 39. Qxh5 Bf6 40. g4 Bd4 41. g5 Qg7 42. g6 Nf7 43. Qxh7+ Qxh7 44. gxh7 Be5 45. Bxe5+ Nxe5 46. Be4 Kg7 47. Kg3 Nf7 48. Kf4 Kf6 49. Ke3 Ke5 50. f4+ Kd6 51. Kd4 Nh8 52. f5 Nf7 53. Bd5 Nh8 54. Ba2 c6 55. bxc6 Kxc6 56. Ke5 Kd7 57. Kf6 Ke8 58. Kg7 Ke7 59. f6+ 1-0

[Event "British Championship 2024"]
[Site "Hull"]
[Date "2024.07.31"]
[Round "5.16"]
[White "Pein, Malcolm"]
[Black "Wells, Peter K"]
[Result "1-0"]
[Annotator "RC"]
[ECO "D45"]
[WhiteElo "2274"]
[BlackElo "2354"]
[PlyCount "57"]
[EventDate "2024.07.31"]
[EventCountry "GBR"]
[SourceTitle "playchess.com"]
[Source "ChessBase"]
[SourceQuality "1"]
[TimeControl "40/5400+30:1800+30"]

1. d4 Nf6 2. Nf3 d5 3. c4 e6 4. Nc3 c6 5. e3 Nbd7 6. Qc2 Bd6 7. b3 O-O 8. Bb2 e5 9. dxe5 Nxe5 10. O-O-O Qe7 11. cxd5 cxd5 12. Nxd5 Nxd5 13. Rxd5 Be6 14. Rxd6 Rac8 15. Bxe5 Rxc2+ 16. Kxc2 Rc8+ 17. Kb2 f6 18. Bf4 Qc7 19. Bc4 Bxc4 20. Rc1 b5 21. Rd2 Qb7 22. bxc4 bxc4+ 23. Ka1 g5 24. Bg3 c3 25. Rdc2 Qb4 26. Nd4 Rc4 27. f3 Qe7 28. Rxc3 Rxc3 29. Rxc3 1-0

[Event "British Championship 2024"]
[Site "Hull"]
[Date "2024.07.31"]
[Round "5.17"]
[White "Kanyamarala, Trisha"]
[Black "Czopor, Maciej"]
[Result "0-1"]
[Annotator "RC"]
[ECO "E74"]
[WhiteElo "2219"]
[BlackElo "2361"]
[PlyCount "140"]
[EventDate "2024.07.31"]
[EventCountry "GBR"]
[SourceTitle "playchess.com"]
[Source "ChessBase"]
[SourceQuality "1"]
[TimeControl "40/5400+30:1800+30"]

1. d4 Nf6 2. c4 g6 3. Nc3 Bg7 4. e4 d6 5. Be2 O-O 6. Bg5 c5 7. d5 h6 8. Be3 e6 9. dxe6 Bxe6 10. Qd2 Kh7 11. h3 Nc6 12. Nf3 Qa5 13. O-O Rad8 14. Qc2 Rfe8 15. a3 Nd7 16. Rfd1 Nde5 17. Nxe5 Bxe5 18. Nd5 Bxd5 19. exd5 Nd4 20. Bxd4 Bxd4 21. h4 Rd7 22. h5 Qd8 23. Bg4 Rc7 24. hxg6+ fxg6 25. Be6 Qh4 26. Rd3 Rf8 27. Rf1 Qe4 28. Rd2 Qf4 29. Rd3 Qe5 30. Rd2 Re7 31. Re2 Qf6 32. Rd1 Ree8 33. Rd3 Qg7 34. g3 Rf6 35. Kg2 Ref8 36. f4 h5 37. Rd1 Qc7 38. Rh1 Kg7 39. Rh2 a6 40. Rd2 Rxe6 41. dxe6 Qc6+ 42. Kh3 Rxf4 43. Qd1 Rf5 44. Qh1 Qxh1 45. Rxh1 Re5 46. Rhh2 Rxe6 47. Rhe2 Be5 48. b4 b6 49. g4 hxg4+ 50. Kxg4 Re7 51. bxc5 bxc5 52. Rb2 Rf7 53. Rb6 Rf4+ 54. Kg5 Rf5+ 55. Kg4 Kf6 56. Re4 Rg5+ 57. Kf3 Rg3+ 58. Ke2 Rxa3 59. Re3 Ra2+ 60. Kf3 a5 61. Ke4 Ke6 62. Ra6 Rc2 63. Rxa5 Rxc4+ 64. Kf3 g5 65. Re4 Rc3+ 66. Kg2 Kf5 67. Raa4 Rc2+ 68. Kf3 d5 69. Rg4 c4 70. Rg1 g4+ 0-1

[Event "British Championship 2024"]
[Site "Hull"]
[Date "2024.07.31"]
[Round "5.18"]
[White "Derakhshani, Borna"]
[Black "Lewis, Andrew P"]
[Result "1-0"]
[Annotator "RC"]
[ECO "B51"]
[WhiteElo "2355"]
[BlackElo "2272"]
[PlyCount "87"]
[EventDate "2024.07.31"]
[EventCountry "GBR"]
[SourceTitle "playchess.com"]
[Source "ChessBase"]
[SourceQuality "1"]
[TimeControl "40/5400+30:1800+30"]

1. e4 c5 2. Nf3 Nc6 3. Bb5 d6 4. O-O Bd7 5. Re1 a6 6. Bf1 Nf6 7. c3 Bg4 8. h3 Bxf3 9. Qxf3 e6 10. d3 Be7 11. Nd2 O-O 12. Qe2 d5 13. e5 Nd7 14. Nf3 b5 15. d4 c4 16. Qe3 b4 17. Be2 bxc3 18. bxc3 Qa5 19. a4 Rfb8 20. Bd1 Qd8 21. Nh2 Na5 22. Qg3 Nf8 23. Ra2 Nb3 24. Bc2 Ng6 25. Ng4 Rb7 26. Rf1 Nxc1 27. Rxc1 Bh4 28. Qf3 Bg5 29. Re1 Qa5 30. Re2 Nf4 31. Re1 Nd3 32. Bxd3 cxd3 33. Ra3 Be7 34. Ra2 Qxc3 35. Rd1 Rb3 36. Qe3 Ba3 37. h4 Rc8 38. Raa1 Rc4 39. Qg5 h6 40. Nxh6+ Kh7 41. Nxf7 Qxd4 42. Qh5+ Kg8 43. Ng5 Qf4 44. Qh7+ 1-0

[Event "British Championship 2024"]
[Site "Hull"]
[Date "2024.07.31"]
[Round "5.19"]
[White "Rathbone-Jones, Ifan"]
[Black "Trent, Lawrence"]
[Result "0-1"]
[Annotator "TA"]
[ECO "A46"]
[WhiteElo "2014"]
[BlackElo "2416"]
[PlyCount "116"]
[EventDate "2024.07.31"]
[EventCountry "GBR"]
[SourceTitle "playchess.com"]
[Source "ChessBase"]
[SourceQuality "1"]
[TimeControl "40/5400+30:1800+30"]

1. d4 Nf6 2. Nf3 e6 3. Bf4 Be7 4. Nbd2 Nh5 5. Bg3 d6 6. e3 O-O 7. Ng1 g6 8. Be2 {[%emt 0:00:08] Black is slightly better.} Nxg3 9. hxg3 c5 10. Ngf3 Nd7 11. c3 cxd4 12. exd4 Re8 13. O-O Nf6 14. Bb5 Bd7 15. Qa4 a6 16. Bxd7 Qxd7 17. Qxd7 Nxd7 18. a4 b5 19. axb5 axb5 20. b3 Nb6 21. c4 bxc4 22. bxc4 Rxa1 23. Rxa1 Rc8 24. Rc1 $1 f5 25. Ne1 Bf6 26. Nef3 g5 {[%emt 0:02:32] aiming for ...g4.} 27. c5 g4 28. Re1 Nd5 29. Rxe6 $1 dxc5 30. Rd6 Rd8 31. Rxd8+ Bxd8 $15 {[%emt 0:00:02][%mdl 4096] Endgame. KBN-KNN} 32. Ne5 {[%emt 0:08:40] Black converts the advantage convincingly.} cxd4 33. Nd3 Nc3 34. Nb3 Bf6 35. Kf1 {[%emt 0:01:56] [#]} Kf7 $1 36. f3 Ke6 37. Nf4+ (37. Nb4 $17) 37... Kd6 $19 38. Ke1 Be5 39. fxg4 $2 (39. Nh5) 39... fxg4 40. Kd2 Ne4+ 41. Ke1 Nxg3 42. Nd3 Nf5 43. Nd2 Kd5 44. Nb4+ Ke6 45. Ne4 Ne3 {[%emt 0:01:14][%cal Oe6f5] [#] ...Kf5! is the strong threat.} 46. Kf2 Kf5 47. Nd2 Nd1+ 48. Ke2 Ne3 (48... Nb2 $142 49. Nb3 h5) 49. Kf2 h5 50. Nc6 Bf6 51. Nb3 Ke4 52. Nb4 h4 53. Nd2+ Kf5 54. Nd3 Be7 55. Ne1 Bb4 56. Nef3 Bxd2 {[%emt 0:01:59] Black mates.} 57. Nxd4+ Ke4 58. Ne2 Nf5 {[%emt 1:34:46] Weighted Error Value: White=0.37/Black=0.04 (flawless) .  Mistake:       	White=2     	---        Inaccurate:     	White=5     	Black=2      OK:         	White=8     	Black=13     Best:        	White=2     	---        Strong:       	White=2     	Black=1} 0-1

[Event "British Championship 2024"]
[Site "Hull"]
[Date "2024.07.31"]
[Round "5.20"]
[White "Ledger, Dave J"]
[Black "Merry, Alan B"]
[Result "0-1"]
[Annotator "TA"]
[ECO "B12"]
[WhiteElo "2201"]
[BlackElo "2429"]
[PlyCount "42"]
[EventDate "2024.07.31"]
[EventCountry "GBR"]
[SourceTitle "playchess.com"]
[Source "ChessBase"]
[SourceQuality "1"]
[TimeControl "40/5400+30:1800+30"]

1. e4 c6 2. d4 d5 3. e5 Bf5 4. Nc3 e6 5. g4 Bg6 6. Nge2 Nd7 7. h4 h6 8. Nf4 Bh7 9. Bd3 Bxd3 10. Qxd3 Ne7 {[%emt 0:02:24] The position is equal.} 11. Bd2 c5 12. Nb5 {[%emt 0:06:21][%cal Rb5d6] [#]} Nc6 {[%emt 0:01:47] White must now prevent ...a6.} 13. Nxe6 $2 fxe6 $19 14. Qg6+ Ke7 15. f4 {[%emt 0:01:02] And now Nd6 would win.} Qe8 ({But not} 15... cxd4 16. Nxd4 Nc5 17. Nxc6+ bxc6 18. b4 $19 (18. f5 $2 Qe8 $19)) 16. Qd3 Kd8 17. c4 dxc4 18. Qe4 a6 19. Nd6 {[%emt 0:00:59] [#]} (19. Na3) 19... Bxd6 {[%emt 0:00:08] Black is clearly winning.} 20. exd6 cxd4 {[%emt 0:00:39] Hoping for ...Nc5.} 21. Rc1 Nc5 {[%emt 0:01:33] White did not feel at home in the position after the opening.   Weighted Error Value: White=0.78/Black=0.00 (flawless) .  Loses game:     	White=1     	---        Mistake:       	White=1     	---        Inaccurate:     	White=1     	---        OK:         	White=3     	Black=6      Best:        	---       	Black=3} 0-1

[Event "British Championship 2024"]
[Site "Hull"]
[Date "2024.07.31"]
[Round "5.21"]
[White "Davies, Nigel R"]
[Black "Sivanandan, Bodhana"]
[Result "1/2-1/2"]
[Annotator "RC"]
[ECO "D10"]
[WhiteElo "2325"]
[BlackElo "2110"]
[PlyCount "110"]
[EventDate "2024.07.31"]
[EventCountry "GBR"]
[SourceTitle "playchess.com"]
[Source "ChessBase"]
[SourceQuality "1"]
[TimeControl "40/5400+30:1800+30"]

1. c4 c6 2. d4 d5 3. cxd5 cxd5 4. Nc3 Nf6 5. Bf4 Nc6 6. e3 a6 7. Bd3 Bg4 8. Nge2 e6 9. O-O Bd6 10. Bxd6 Qxd6 11. f3 Bh5 12. Nf4 Bg6 13. Nxg6 hxg6 14. f4 Qe7 15. Rc1 Nd7 16. g3 f5 17. h4 Rc8 18. Kg2 Nf6 19. Qd2 Kf7 20. Rfd1 Rc7 21. Na4 Nh5 22. Rh1 Rhc8 23. Nb6 Rh8 24. a3 Qd6 25. Qc3 Qd8 26. Na4 Qe7 27. Nc5 Nb8 28. Qd2 Rhc8 29. b4 Qd8 30. a4 Nd7 31. a5 Ndf6 32. Rc2 Ne8 33. b5 axb5 34. Bxb5 Nd6 35. Bd3 Nf6 36. Rhc1 Nfe4 37. Qb4 Qe7 38. Kh3 Nxc5 39. Rxc5 Ne8 40. Qb6 Qd8 41. Bb5 Rxc5 42. dxc5 Qxb6 43. axb6 Ke7 44. g4 Nf6 45. Ba6 Nd7 46. Bxb7 Rxc5 47. Rxc5 Nxc5 48. Bc6 Kd8 49. h5 fxg4+ 50. Kxg4 gxh5+ 51. Kxh5 Nb3 52. b7 Kc7 53. Bd7 d4 54. exd4 Nxd4 55. Kg6 Ne2 1/2-1/2

[Event "British Championship 2024"]
[Site "Hull"]
[Date "2024.07.31"]
[Round "5.22"]
[White "Hryshchenko, Kamila"]
[Black "Pein, Jonathan"]
[Result "1/2-1/2"]
[Annotator "RC"]
[ECO "C00"]
[WhiteElo "2161"]
[BlackElo "2279"]
[PlyCount "81"]
[EventDate "2024.07.31"]
[EventCountry "GBR"]
[SourceTitle "playchess.com"]
[Source "ChessBase"]
[SourceQuality "1"]
[TimeControl "40/5400+30:1800+30"]

1. e4 e6 2. d3 d5 3. Be2 Nc6 4. c3 Nf6 5. Nd2 e5 6. Ngf3 a5 7. Qc2 g6 8. h3 Bg7 9. O-O O-O 10. Re1 h6 11. Bf1 Re8 12. exd5 Nxd5 13. Nc4 b6 14. Bd2 Bb7 15. a4 f5 16. Rad1 Qd7 17. Qb1 Kh7 18. d4 exd4 19. cxd4 Nxd4 20. Nxd4 Bxd4 21. Be3 Bg7 22. Qa2 Qf7 23. Na3 f4 24. Bc1 Rxe1 25. Rxe1 Re8 26. Rd1 Qf5 27. Qc4 Qh5 28. Qb3 Qe5 29. Nb5 Nf6 30. Qc4 Nd5 31. Nd4 c5 32. Nf3 Qe4 33. Qb5 Re7 34. Bd3 Qb4 35. Nh4 Re1+ 36. Rxe1 Qxe1+ 37. Kh2 Ne7 38. Qe8 Qxf2 39. Bxg6+ Nxg6 40. Qxg6+ Kg8 41. Nf5 1/2-1/2

[Event "British Championship 2024"]
[Site "Hull"]
[Date "2024.07.31"]
[Round "5.23"]
[White "Hobson, Kenneth"]
[Black "Badacsonyi, Stanley"]
[Result "1/2-1/2"]
[Annotator "RC"]
[ECO "C12"]
[WhiteElo "2227"]
[BlackElo "2132"]
[PlyCount "109"]
[EventDate "2024.07.31"]
[EventCountry "GBR"]
[SourceTitle "playchess.com"]
[Source "ChessBase"]
[SourceQuality "1"]
[TimeControl "40/5400+30:1800+30"]

1. e4 e6 2. d4 d5 3. Nc3 Nf6 4. Bg5 Bb4 5. e5 h6 6. Bc1 Ne4 7. Qg4 Kf8 8. a3 Bxc3+ 9. bxc3 Nxc3 10. Bd3 c5 11. dxc5 Nc6 12. Nf3 Qa5 13. O-O Qa4 14. Qxa4 Nxa4 15. Be3 Ke7 16. Rfe1 Rd8 17. Bb5 Nc3 18. Bxc6 bxc6 19. Bd2 Na4 20. Ba5 Rd7 21. Nd4 Bb7 22. f4 Ke8 23. f5 Nxc5 24. Bb4 Ne4 25. fxe6 fxe6 26. Nxe6 a5 27. Bd6 Rc8 28. Rf1 Rf7 29. Nc5 Nxc5 30. Bxc5 Ba6 31. Rfb1 Kd7 32. Rb6 Bc4 33. Rb7+ Ke6 34. Rxf7 Kxf7 35. Rb1 Bb5 36. Bd6 Ke6 37. c3 Rd8 38. a4 Bxa4 39. Ra1 Bb5 40. Rxa5 Rd7 41. Ra8 Rf7 42. h3 Kd7 43. Kh2 Ke6 44. Rg8 Bd3 45. Kg3 Be4 46. Rc8 Ra7 47. Rxc6 Ra2 48. Rc7 Rxg2+ 49. Kf4 Rf2+ 50. Ke3 Rf7 51. Rxf7 Kxf7 52. h4 Bc2 53. Kd4 Ke6 54. Kc5 g5 55. hxg5 1/2-1/2

[Event "British Championship 2024"]
[Site "Hull"]
[Date "2024.07.31"]
[Round "5.25"]
[White "Boswell, Jacob Connor"]
[Black "Shearsby, Jude"]
[Result "1-0"]
[Annotator "RC"]
[ECO "B29"]
[WhiteElo "2274"]
[BlackElo "2092"]
[PlyCount "57"]
[EventDate "2024.07.31"]
[EventCountry "GBR"]
[SourceTitle "playchess.com"]
[Source "ChessBase"]
[SourceQuality "1"]
[TimeControl "40/5400+30:1800+30"]

1. e4 c5 2. Nf3 Nf6 3. e5 Nd5 4. Nc3 e6 5. Nxd5 exd5 6. d4 Nc6 7. dxc5 Bxc5 8. Bd3 d6 9. exd6 Qxd6 10. Qe2+ Kd8 11. Be3 Re8 12. O-O-O Bxe3+ 13. fxe3 Qc5 14. Rhe1 Bd7 15. Qf2 Rc8 16. Nd4 Nb4 17. a3 Nxd3+ 18. Rxd3 f6 19. Red1 Re5 20. Nf3 Rf5 21. Qd2 Ke8 22. e4 dxe4 23. Rxd7 exf3 24. gxf3 Kf8 25. Rxb7 Rd5 26. Qb4 Kg8 27. Qb3 Rcd8 28. Rb8 Qe3+ 29. Kb1 1-0

[Event "British Championship 2024"]
[Site "Hull"]
[Date "2024.07.31"]
[Round "5.26"]
[White "Mitchell, Martin"]
[Black "Wu, Li"]
[Result "0-1"]
[Annotator "RC"]
[ECO "D32"]
[WhiteElo "2159"]
[BlackElo "2328"]
[PlyCount "110"]
[EventDate "2024.07.31"]
[EventCountry "GBR"]
[SourceTitle "playchess.com"]
[Source "ChessBase"]
[SourceQuality "1"]
[TimeControl "40/5400+30:1800+30"]

1. d4 d5 2. c4 e6 3. Nc3 c5 4. cxd5 exd5 5. Nf3 Nf6 6. dxc5 Bxc5 7. Bg5 d4 8. Na4 Bb4+ 9. Bd2 Qa5 10. Rc1 Nc6 11. a3 Bxd2+ 12. Nxd2 Be6 13. b4 Qd5 14. Nc5 O-O 15. Nxe6 fxe6 16. Qb3 Qf5 17. Qf3 Ng4 18. Qxf5 Rxf5 19. h3 Nxf2 20. Rg1 Raf8 21. g4 Re5 22. Rg3 Ne4 23. Nxe4 Rxe4 24. Bg2 Ref4 25. Kd2 Nd8 26. Kd3 g5 27. Rc7 R8f7 28. Rc8 Rd7 29. Bxb7 Kg7 30. Ba6 Nf7 31. Bb5 Rd5 32. Bc4 Rd6 33. Bb3 Kf6 34. Rc7 a6 35. Kd2 h6 36. Bc2 Ne5 37. Bd3 Nxd3 38. Kxd3 e5 39. Kd2 e4 40. Rh7 Ke5 41. Re7+ Kd5 42. Rg1 Rc6 43. Rd7+ Ke5 44. Rb1 e3+ 45. Ke1 Rf2 46. b5 axb5 47. Rxb5+ Kf4 48. Rf5+ Kg3 49. Rxd4 Rc2 50. Rd3 Rcxe2+ 51. Kd1 Kg2 52. Rb3 Ra2 53. Kc1 Ra1+ 54. Rb1 Rxb1+ 55. Kxb1 Rxf5 0-1

[Event "British Championship 2024"]
[Site "Hull"]
[Date "2024.07.31"]
[Round "5.27"]
[White "Taylor, Adam A"]
[Black "Stubbs, Oliver"]
[Result "1-0"]
[Annotator "RC"]
[ECO "A16"]
[WhiteElo "2281"]
[BlackElo "2146"]
[PlyCount "133"]
[EventDate "2024.07.31"]
[EventCountry "GBR"]
[SourceTitle "playchess.com"]
[Source "ChessBase"]
[SourceQuality "1"]
[TimeControl "40/5400+30:1800+30"]

1. Nf3 Nf6 2. c4 g6 3. Nc3 Bg7 4. g3 d5 5. cxd5 Nxd5 6. Bg2 Nc6 7. h4 h6 8. d4 Nb6 9. e3 O-O 10. O-O Bg4 11. Qc2 Qc8 12. d5 Na5 13. Nd4 Bh3 14. Rd1 Bxg2 15. Kxg2 Rd8 16. h5 c5 17. dxc6 e5 18. cxb7 Qxb7+ 19. Nf3 Rxd1 20. Qxd1 g5 21. e4 f5 22. Be3 fxe4 23. Nh2 Kh8 24. b3 Nc6 25. Qg4 Nd4 26. Qxe4 Qxe4+ 27. Nxe4 Nd5 28. Rc1 Nb4 29. Rc4 a5 30. Nc3 Rd8 31. Ng4 Nd3 32. Rc7 Rd6 33. Ne4 Rc6 34. Ra7 Nc5 35. Nd2 Ra6 36. Rc7 Nd3 37. Ne4 Rc6 38. Re7 Kg8 39. Ra7 Nc5 40. Nd2 Ra6 41. Rxa6 Nxa6 42. Nc4 Nb4 43. Ngxe5 Ndc2 44. Ng4 Nxa2 45. Nxa5 Nxe3+ 46. Nxe3 Kf7 47. Kf3 Ke6 48. Ke4 Nc3+ 49. Kd3 Nb5 50. Nc6 Nd6 51. Nd4+ Kf6 52. Nc4 Nb7 53. Ne3 Bf8 54. Ng4+ Kf7 55. Nf5 Nc5+ 56. Kc4 Ne4 57. Kd5 Nc3+ 58. Ke5 Nd1 59. Nfxh6+ Kg7 60. Ke6 Bc5 61. Nf5+ Kh8 62. f3 Nc3 63. Kf7 Ne2 64. Nf6 Nc1 65. f4 gxf4 66. Nh4 fxg3 67. Ng6# 1-0

[Event "British Championship 2024"]
[Site "Hull"]
[Date "2024.07.31"]
[Round "5.28"]
[White "Kalaiyalahan, Akshaya"]
[Black "Kalavannan, Koby"]
[Result "0-1"]
[Annotator "RC"]
[ECO "A40"]
[WhiteElo "2140"]
[BlackElo "2265"]
[PlyCount "120"]
[EventDate "2024.07.31"]
[EventCountry "GBR"]
[SourceTitle "playchess.com"]
[Source "ChessBase"]
[SourceQuality "1"]
[TimeControl "40/5400+30:1800+30"]

1. d4 e6 2. c4 b6 3. Nf3 Bb7 4. e3 f5 5. Be2 Nf6 6. O-O g6 7. Nc3 Bg7 8. d5 O-O 9. Rb1 a5 10. b3 Ne4 11. Nxe4 fxe4 12. Ne1 Na6 13. Bb2 e5 14. Qc2 d6 15. Bg4 Qg5 16. Bh3 Qh4 17. Ba3 Rae8 18. Be6+ Kh8 19. g3 Qh5 20. h4 Rxe6 21. dxe6 Bf6 22. Qd1 Qf5 23. Rb2 Be7 24. Rd2 Qxe6 25. Kg2 Nb8 26. Rh1 Nd7 27. Rh2 Nf6 28. Kg1 Ng4 29. Rg2 Qf5 30. Qe2 Qh5 31. c5 bxc5 32. Qb5 Bc8 33. Qc6 Qf5 34. Qxc7 Rf7 35. Qc6 Kg7 36. Qb5 Bd7 37. Qa6 Bc8 38. Qb5 Qf6 39. Qc6 Bf5 40. Qa6 Be6 41. Nc2 Nh6 42. Qxa5 Bg4 43. Qb5 Qf5 44. b4 cxb4 45. Bxb4 Bf3 46. Qf1 Qd7 47. Qc4 Qa4 48. Qd5 Nf5 49. Kh2 Qa6 50. Rg1 Qc8 51. Ne1 Nh6 52. Rf1 Ng4+ 53. Kg1 Nf6 54. Qxf7+ Kxf7 55. Nxf3 exf3 56. Kh2 Qc4 57. Rb1 Ne4 58. Rdb2 g5 59. hxg5 Nxg5 60. Rh1 Qc8 0-1